AoeStats
← _Orca_

African Clearing

506835350Analyzed
2v2 RM · 16d ago on Sep 15, 2026· 49m 31s· 4 players
Game mode
Random Map
Map size
Medium (4 player)
Population
200
Speed
Normal
Resources
Standard
Victory
Conquest
Starting age
Dark Age
Ending age
Imperial Age
RankedLock teamsTeams togetherTeam positionsShared explorationLock speedFull tech treeHidden civsTurbo modeCheats
Victory
Defeat
🇧🇷 Spanish · Brazil
1374
+11
🇧🇩 Poles · Bangladesh
1344
+13
🇸🇰 Vietnamese · Slovakia
1271
-12
🇸🇰 Cumans · Slovakia
1269
-12
_Orca_
4:16 Loom
12:33 Feudal Age
13:29 Double-Bit Axe
17:32 Fletching
20:13 Wheelbarrow
26:38 Castle Age
29:19 Szlachta Privileges
29:21 Town Watch
30:30 Bloodlines
34:53 Scale Barding Armor
36:47 Hand Cart
38:00 Husbandry
41:06 Gold Mining
41:28 Bow Saw
41:00 Horse Collar
41:14 Stone Mining
41:45 Chain Barding Armor
41:36 Forging
42:09 Heavy Plow
51:41 Imperial Age
50:42 Iron Casting
jesseytf
8:05 Loom
14:23 Feudal Age
18:08 Castle Age
23:12 Padded Archer Armor
29:57 Leather Archer Armor
31:46 Town Watch
32:37 Wheelbarrow
36:39 Gold Mining
38:28 Fletching
39:13 Bodkin Arrow
42:48 Imperial Age
41:15 Bloodlines
41:05 Husbandry
44:28 Ring Archer Armor
45:54 Chemistry
46:03 Ballistics
46:47 Conscription
49:58 Bracer
andreolo
9:56 Loom
12:53 Feudal Age
24:43 Castle Age
24:02 Bloodlines
25:54 Scale Barding Armor
26:00 Forging
28:58 Capped Ram
Ludoolo
9:07 Loom
11:37 Feudal Age
15:06 Wheelbarrow
14:39 Double-Bit Axe
16:50 Horse Collar
20:59 Padded Archer Armor
23:38 Castle Age
22:05 Fletching
24:26 Bodkin Arrow
24:06 Elite Skirmisher
30:20 Leather Archer Armor
31:39 Ballistics
32:33 Bow Saw
36:21 Scale Mail Armor
39:14 Hand Cart
38:49 Town Watch
39:12 Thumb Ring
39:28 Forging
42:43 Heavy Plow
46:15 Imperial Age
44:14 Chain Mail Armor
44:31 Chatras
44:58 Scale Barding Armor
47:20 Bracer
Connection lost

Rejoining the realm…

Still unreachable

The connection could not be restored.

Session expired

The server has moved on; the page needs a fresh start.